 Dungeon Crawl Stone Soup version 0.28.0-47-ge53b351184 (webtiles) character file.

Game seed: 12540019753503777486

596 pkoi the Insei (level 6, -3/48 HPs)
             Began as a Demigod Gladiator on May 7, 2022.
             Slain by a gnoll
             ... wielding a +1 vorpal spear
              (6 damage)
             ... while paralysed by Ijyb
             ... on level 4 of the Dungeon.
             The game lasted 00:05:04 (4760 turns).

pkoi the Insei (Demigod Gladiator)                  Turns: 4760, Time: 00:05:05

Health: -3/48      AC: 10    Str: 23    XL:     6   Next: 95%
Magic:  4/4        EV:  2    Int: 15    God:
Gold:   115        SH:  0    Dex: 15    Spells: 6/9 levels left

rFire   . . .      SeeInvis .   f - +5 quarterstaff "Lerhest" {antimagic, +Blink rC+ Str+8 Int-3}
rCold   + . .      Faith    .   (shield currently unavailable)
rNeg    . . .      Spirit   .   m - +0 chain mail
rPois   .          Reflect  .   b - +1 helmet
rElec   .          Harm     .   (no cloak)
rCorr   .          Rampage  .   (no gloves)
Will    .....                   (no boots)
Stlth   ..........              (no amulet)
HPRegen 0.16/turn               (no ring)
MPRegen 0.09/turn               (no ring)

@: paralysed
A: high MP 1, forlorn, divine attributes
a: Evoke Blink


You were on level 4 of the Dungeon.
You visited 1 branch of the dungeon, and saw 4 of its levels.

You collected 115 gold pieces.

Inventory:

Hand Weapons
 d - a +0 great mace
 e - a +0 mace
 f - the +5 quarterstaff "Lerhest" (weapon) {antimagic, +Blink rC+ Str+8 Int-3}
   (You found it on level 3 of the Dungeon)

   It reduces the magical energy of the wielder, and disrupts the spells and
   magical abilities of those it strikes.
   Natural abilities and divine invocations are not affected.
   Str:       It affects your strength (+8).
   Int:       It affects your intelligence (-3).
   rC:        It protects you from cold.
   +Blink:    It lets you blink.
 s - a +1 short sword of freezing
Missiles
 c - 3 throwing nets (quivered)
 n - 9 poisoned darts
Armour
 a - a +0 leather armour
 b - a +1 helmet (worn)
 m - a +0 chain mail (worn)
Wands
 k - a wand of flame (16)
Scrolls
 j - a scroll of enchant weapon
Potions
 h - 2 potions of might
 i - 2 potions of curing {unknown}
 l - a potion of haste


   Skills:
 + Level 2.2 Fighting
 - Level 1.7 Throwing
 + Level 1.0 Armour
 + Level 3.0 Dodging
 * Level 6.1 Unarmed Combat
 + Level 2.1 Spellcasting
 + Level 2.3 Summonings


You had 6 spell levels left.
You knew the following spells:

 Your Spells              Type           Power      Damage    Failure   Level
a - Call Canine Familiar  Summ           8%         N/A       92%         3

Your spell library contained the following spells:

 Spells                   Type           Power      Damage    Failure   Level
 Portal Projectile        Hex/Tloc       2%         N/A       99%         3
 Leda's Liquefaction      Hex/Erth       0%         N/A       100%        4


Dungeon Overview and Level Annotations

Branches:
Dungeon (4/15)
 Temple: D:4-7

Annotations:
D:4 Ijyb


Innate Abilities, Weirdness & Mutations

You have an increased reservoir of magic. (+10% MP)
You shall have no god before yourself.
Your divine heritage dramatically boosts your attributes as you level up.


Message History

The gnoll hits you from afar with a +0 spear!
* * * LOW HITPOINT WARNING * * *
You thump the gnoll!
You kill the gnoll!
The gnoll hits you but does no damage. x2
The gnoll closely misses you. The orc hits you but does no damage.
The gnoll closely misses you.
Things that are here:
a +0 flail; a gnoll corpse You barely miss the gnoll.
The gnoll is moderately wounded.
The gnoll hits you but does no damage. The gnoll barely misses you.
The orc barely misses you. The gnoll hits you but does no damage.
A gnoll and an endoplasm come into view.
The gnoll is wielding a +1 vorpal spear.
The gnoll shouts!
The endoplasm quivers.
The gnoll hits you from afar with a +0 halberd!
* * * LOW HITPOINT WARNING * * *
The gnoll hits the plant with a +0 spear!
The plant begins to die.
As you read the scroll labelled OWULYM ONNI, it crumbles to dust.
It is a scroll of enchant armour.
Your +0 helmet glows green for a moment.
The gnoll barely misses you.
The gnoll hits the plant with a +0 spear.
The gnoll hits you from afar with a +0 halberd.
* * * LOW HITPOINT WARNING * * *
You sock the endoplasm!
You kill the endoplasm!
The gnoll barely misses you.
Ijyb zaps a wand.
You suddenly lose the ability to move!
The gnoll hits you from afar with a +0 halberd.
* * * LOW HITPOINT WARNING * * *
The gnoll hits you from afar with a +1 vorpal spear.
* * * LOW HITPOINT WARNING * * *
x2 Ijyb hits you but does no damage.
The gnoll barely misses you.
The gnoll hits you from afar with a +1 vorpal spear.
You die...

.......##P≈♣≈≈≈PP≈♣≈≈#
.......##P≈≈♣≈≈PPP≈♣≈.
.....).##≈≈♣≈PP..≈≈≈≈. #
#.....###P≈♣≈P.#.≈P≈≈≈≈#
.........≈P≈P#....P≈♣≈≈#
########.P♣≈.#.# ≈PP≈ #
#.P≈≈P#.# ≈≈≈P. #
#.≈≈Pg.#g##g.P≈≈P ♣
#.P.Pg###@...PP≈P ♣♣
#.#.##.#.###..... ≈♣♣
####.#.###g## ### ≈≈♣
#....#.# ### ≈≈♣
#.####># PP♣♣#.# #.#
P♣♣♣..# #.# ≈P♣♣#>## #.#
≈≈♣##..###.#


You could see Ijyb and 2 gnolls.

Vanquished Creatures
  Eustachio (D:4)
  Menkaure (D:4)
  A necrophage (D:4)
  2 hounds
  Jessica (D:2)
  An iguana (D:4)
  5 gnolls (D:4)
  3 adders
  2 adder skeletons
  A worm (D:2)
  A dart slug (D:2)
  An orc (D:3)
  4 endoplasms
  2 giant cockroaches
  6 goblins
  6 hobgoblins
  2 jackals
  2 kobolds
  4 quokkas
  5 ball pythons
  2 bats (D:1)
  2 frilled lizards
  5 rats
60 creatures vanquished.

Vanquished Creatures (others)
  26 plants (D:4)
26 creatures vanquished.

Grand Total: 86 creatures vanquished

Notes
Turn   | Place    | Note
-------+----------+-------------------------------------------
     0 | D:1      | pkoi the Demigod Gladiator began the quest for the Orb.
     0 | D:1      | Reached XP level 1. HP: 17/17 MP: 3/3
   330 | D:1      | Reached skill level 3 in Unarmed Combat
   872 | D:1      | Reached XP level 2. HP: 24/24 MP: 4/4
  1217 | D:2      | Noticed Jessica
  1243 | D:2      | Killed Jessica
  1244 | D:2      | Reached skill level 4 in Unarmed Combat
  1244 | D:2      | Reached XP level 3. HP: 7/29 MP: 5/5
  2181 | D:2      | Reached XP level 4. HP: 36/36 MP: 6/6
  2644 | D:2      | Learned a level 3 spell: Call Canine Familiar
  2820 | D:3      | Reached skill level 5 in Unarmed Combat
  2895 | D:3      | Identified the +5 quarterstaff "Lerhest" {antimagic, +Blink
                  | rC+ Str+8 Int-3}
  3324 | D:4      | Reached skill level 1 in Spellcasting
  3324 | D:4      | Reached skill level 1 in Summonings
  3324 | D:4      | Reached XP level 5. HP: 23/41 MP: 3/9
  3333 | D:4      | HP: 2/41 [hound (4)]
  3756 | D:4      | Noticed Menkaure
  3763 | D:4      | Killed Menkaure
  3764 | D:4      | Reached XP level 6. HP: 10/48 MP: 3/11
  4207 | D:4      | Noticed Eustachio
  4343 | D:4      | Killed Eustachio
  4344 | D:4      | Reached skill level 1 in Armour
  4344 | D:4      | Reached skill level 6 in Unarmed Combat
  4747 | D:4      | Noticed Ijyb
  4758 | D:4      | Paralysed by Ijyb for 5 turns
  4760 | D:4      | Slain by a gnoll

Illustrated notes

Levels and vault maps discovered:
D:1:      wander_arrival_lonely_grave, layout_basic,
          shapermc_ecumenical_altar_petra, chequers_serial_rivers_marsh
D:2:      layout_rooms, minivault_19, nicolae_concentric_dashed_squares_wild,
          kennysheep_jessica_study
D:3:      layout_basic
D:4:      layout_loops_ring, zin_scriptorium, serial_bayou, serial_bayou_pond_c,
          serial_bayou_lagoon_a, serial_bayou_pond_c, serial_bayou_ford_a,
          serial_shops, nicolae_shop_bloodbath_and_beyond, sigmund_army,
          uniq_duvessa, uniq_menkaure, uniq_ijyb, uniq_eustachio

Skill      XL: |  1  2  3  4  5  6 |
---------------+-------------------+-----
Unarmed Combat | 3 4 5 6 |  6.1
Spellcasting   | 1 2 |  2.1
Summonings     | 1 2 |  2.3
Fighting       | 2 |  2.2
Armour         | 1 |  1.0
Dodging        | 3 |  3.0
Throwing       | |  1.7

Action                   |  1- 3 |  4- 6 || total
-------------------------+-------+-------++-------
Melee: Unarmed           |    76 |       ||    76
       Punch             |     2 |       ||     2
       Short sword       |    38 |    42 ||    80
       Quarterstaff      |       |    45 ||    45
Throw: Throwing net      |     1 |       ||     1
  Use: Scroll            |     9 |     3 ||    12
       Potion            |       |     1 ||     1
 Stab: Held in net/web   |     1 |       ||     1
Armor: Leather armour    |     6 |       ||     6
       Chain mail        |    56 |    63 ||   119
Dodge: Dodged            |    47 |    40 ||    87
